 Dungeon Sprint DCSS version 0.27-a0-1200-g94dc6ad4cf (webtiles) character file.

Game seed: 14057766807444027637

4000000 Zeld the Contaminator (level 24, -29/180 HPs)
             Began as an Octopode Gladiator on June 1, 2021.
             Was the Champion of Makhleb.
             Annihilated by a destroyer
             ... wielding a +9 vorpal great sword
              (37 damage)
             ... in the Dungeon (Sprint VIII: "Arena of Blood").
             The game lasted 00:01:22 (40 turns).

Zeld the Contaminator (Octopode Gladiator)            Turns: 40, Time: 00:01:22

Health: -29/180    AC:  1    Str: 23    XL:     24   Next: 69%
Magic:  9/44       EV: 22    Int: 12    God:    Makhleb [******]
Gold:   0          SH:  0    Dex: 13    Spells: 58/58 levels left

rFire    . . .     SeeInvis .   i - +∞ Axe of Woe
rCold    . . .     Faith    .   (shield currently unavailable)
rNeg     . . .     Spirit   .   a - +0 hat
rPois    .         Reflect  .   (no amulet)
rElec    .         Harm     .   (no ring)
rCorr    .         Rampage  .   (no ring)
Will     +....     NoTele   +   (no ring)
Stlth    ++........             (no ring)
HPRegen  0.40/turn              (no ring)
MPRegen  0.29/turn              (no ring)
                                (no ring)
                                (no ring)

@: no status effects
A: almost no armour, amphibious, 8 rings, camouflage 1, gelatinous body 1,
(nimble swimmer 1), tentacles
a: Renounce Religion, Minor Destruction, Lesser Servant of Makhleb, Major
Destruction, Greater Servant of Makhleb


You were in the Dungeon.
You worshipped Makhleb.
Makhleb was exalted by your worship.
You visited 1 branch

Inventory:

Hand Weapons
 i - the +∞ Axe of Woe (weapon)
   (You found it in the Dungeon)
Missiles
 b - 3 throwing nets (quivered)
Armour
 a - a +0 hat (worn)
Scrolls
 h - a scroll of blinking
Potions
 c - a potion of curing
 d - a potion of heal wounds
 e - a potion of haste
 f - 2 potions of magic
 g - a potion of berserk rage


   Skills:
 * Level 19.1 Fighting
 * Level 19.0(21.8) Short Blades
 * Level 19.1(21.9) Long Blades
 * Level 19.0(24.1) Axes
 * Level 19.0(24.1) Maces & Flails
 * Level 19.2(24.2) Polearms
 * Level 19.0(24.1) Staves
 * Level 19.3(22.0) Slings
 * Level 19.1 Bows
 * Level 19.0 Crossbows
 * Level 19.1(21.9) Throwing
 * Level 19.2 Dodging
 * Level 18.9 Shields
 * Level 19.3 Unarmed Combat
 * Level 17.9 Spellcasting
 * Level 19.0 Conjurations
 * Level 19.2 Hexes
 * Level 19.1 Summonings
 * Level 19.1 Necromancy
 * Level 19.4 Translocations
 * Level 19.1 Transmutations
 * Level 19.1 Fire Magic
 * Level 19.0 Ice Magic
 * Level 19.4 Air Magic
 * Level 19.3 Earth Magic
 * Level 21.9 Poison Magic
 * Level 20.7 Invocations


You had 58 spell levels left.
You didn't know any spells.
Your spell library was empty.

Dungeon Overview and Level Annotations

Branches:
Dungeon (1/1)

Altars:
Makhleb


Innate Abilities, Weirdness & Mutations

You cannot wear most types of armour.
You are amphibious.
You can wear up to eight rings at the same time.
Your skin changes colour to match your surroundings (Stealth+).
Your rubbery body absorbs attacks. (AC +1, EV +1)
((You are camouflaged near water. (Stealth+)))
You have tentacles for arms and can constrict up to eight enemies at once.


Message History

You hear a shout! x2
The meat berserker rages.
The destroyer blinks!
A meat berserker comes into view. It is wielding a +9 battleaxe.
You hear a shout! x2
The destroyer blinks!
A large bag of meat comes into view. It is wielding a +9 giant spiked club.
You hear a shout! x3
Your Fighting skill increases to level 19!
Your base Short Blades skill increases to level 19!
Your base Long Blades skill increases to level 19!
Your base Axes skill increases to level 19!
Your base Maces & Flails skill increases to level 19!
Your base Polearms skill increases to level 19!
Your base Staves skill increases to level 19!
Your base Slings skill increases to level 19!
Your Bows skill increases to level 19!
Your Crossbows skill increases to level 19!
Your base Throwing skill increases to level 19!
Your Dodging skill increases to level 19!
Your Unarmed Combat skill increases to level 19!
Your Conjurations skill increases to level 19!
Your Hexes skill increases to level 19!
Your Summonings skill increases to level 19!
Your Necromancy skill increases to level 19!
Your Translocations skill increases to level 19!
Your Transmutations skill increases to level 19!
Your Fire Magic skill increases to level 19!
Your Ice Magic skill increases to level 19!
Your Air Magic skill increases to level 19!
Your Earth Magic skill increases to level 19!
Unknown command.
An orc, a two-headed ogre, a vampire knight and a skeletal warrior come into view.
The destroyer is wielding a +9 vorpal great sword.
The bag of meat shouts!
The destroyer shouts!
You hear a shout! x6
The bag of meat is engulfed in blazing flames.
The destroyer hits you with a +9 vorpal great sword!!!!!
Ouch! That really hurt!
* * * LOW HITPOINT WARNING * * *
You die... . #... ...# ..###... ...###OV. .....o###......O. ....o_.o....... #.o).o# Oo...

#_)○)o#.§....
..#.°○))#......
......_o.VzV....
...§..###@OO.....
..###..zoV.V###...
. #..ozoO.# ..
#o.O....#
...O......
...........
z..........
..........##


You could see 5 destroyers, 4 sculptors of flesh, 5 large bags of meat, 3 meat
berserkers and 12 bags of meat.

Vanquished Creatures
  4 vampire knights (D)
  12 ogres (D)
  A two-headed ogre (D)
  12 orcs (D)
29 creatures vanquished.

Notes
Turn   | Place    | Note
-------+----------+-------------------------------------------
     0 | D        | Found the +∞ Axe of Woe
     0 | D        | Zeld the Octopode Gladiator began the quest for the Orb.
     0 | D        | Reached XP level 1. HP: 14/14 MP: 1/1
     1 | D        | Noticed a bag of meat
     4 | D        | Became a worshipper of Makhleb the Destroyer
     5 | D        | Noticed a bag of meat
     5 | D        | Noticed a bag of meat
     5 | D        | Noticed a bag of meat
     5 | D        | Noticed a meat berserker
     6 | D        | Noticed a bag of meat
     9 | D        | Killed a bag of meat
     9 | D        | Killed a meat berserker
     9 | D        | Reached * piety under Makhleb
     9 | D        | Noticed a meat berserker
    10 | D        | Reached skill level 8 in Poison Magic
    10 | D        | Reached XP level 2. HP: 27/27 MP: 1/9
    10 | D        | Reached XP level 3. HP: 32/32 MP: 1/11
    10 | D        | Reached XP level 4. HP: 38/38 MP: 1/12
    10 | D        | Reached XP level 5. HP: 43/43 MP: 1/14
    10 | D        | Reached XP level 6. HP: 49/49 MP: 1/15
    10 | D        | Reached XP level 7. HP: 54/54 MP: 1/17
    10 | D        | Reached XP level 8. HP: 60/60 MP: 1/18
    10 | D        | Reached XP level 9. HP: 64/64 MP: 1/19
    10 | D        | Reached XP level 10. HP: 71/71 MP: 1/20
    10 | D        | Reached XP level 11. HP: 75/75 MP: 1/21
    10 | D        | Reached XP level 12. HP: 81/81 MP: 1/22
    10 | D        | Reached XP level 13. HP: 87/87 MP: 1/23
    10 | D        | Reached XP level 14. HP: 92/92 MP: 1/24
    10 | D        | Killed a bag of meat
    11 | D        | Reached skill level 9 in Poison Magic
    11 | D        | Killed a bag of meat
    11 | D        | Noticed a meat berserker
    12 | D        | Reached skill level 10 in Poison Magic
    12 | D        | Reached XP level 15. HP: 63/100 MP: 1/26
    12 | D        | Reached ** piety under Makhleb
    13 | D        | Reached skill level 10 in Invocations
    13 | D        | Killed a meat berserker
    14 | D        | Reached skill level 10 in Fighting
    14 | D        | Reached skill level 10 in Long Blades
    14 | D        | Reached skill level 10 in Axes
    14 | D        | Reached skill level 10 in Maces & Flails
    14 | D        | Reached skill level 10 in Staves
    14 | D        | Reached skill level 10 in Slings
    14 | D        | Reached skill level 10 in Bows
    14 | D        | Reached skill level 10 in Throwing
    14 | D        | Reached skill level 10 in Dodging
    14 | D        | Reached skill level 10 in Unarmed Combat
    14 | D        | Reached skill level 10 in Hexes
    14 | D        | Reached skill level 10 in Necromancy
    14 | D        | Reached skill level 10 in Translocations
    14 | D        | Reached skill level 10 in Transmutations
    14 | D        | Reached skill level 10 in Ice Magic
    14 | D        | Reached skill level 10 in Air Magic
    14 | D        | Reached skill level 10 in Earth Magic
    14 | D        | Reached skill level 11 in Poison Magic
    14 | D        | Reached XP level 16. HP: 49/109 MP: 2/29
    14 | D        | Killed a meat berserker
    14 | D        | Reached *** piety under Makhleb
    15 | D        | Reached skill level 10 in Spellcasting
    15 | D        | Reached skill level 10 in Conjurations
    15 | D        | Reached skill level 12 in Poison Magic
    15 | D        | Reached XP level 17. HP: 115/117 MP: 2/31
    15 | D        | Noticed a meat berserker
    17 | D        | Reached skill level 13 in Poison Magic
    18 | D        | Reached XP level 18. HP: 126/126 MP: 3/32
    19 | D        | Killed a meat berserker
    19 | D        | Reached **** piety under Makhleb
    20 | D        | Reached skill level 14 in Poison Magic
    21 | D        | Noticed a large bag of meat
    22 | D        | Noticed a destroyer
    23 | D        | Noticed a meat berserker
    24 | D        | Noticed a destroyer
    25 | D        | Killed a large bag of meat
    26 | D        | Reached skill level 15 in Poison Magic
    26 | D        | Reached XP level 19. HP: 82/135 MP: 5/35
    27 | D        | Killed a meat berserker
    27 | D        | Reached ***** piety under Makhleb
    27 | D        | Killed a destroyer
    28 | D        | Reached skill level 16 in Poison Magic
    28 | D        | Reached skill level 15 in Invocations
    28 | D        | Reached XP level 20. HP: 115/144 MP: 5/37
    28 | D        | Noticed a destroyer
    28 | D        | Noticed a meat berserker
    30 | D        | Killed a destroyer
    31 | D        | Reached skill level 15 in Fighting
    31 | D        | Reached skill level 15 in Short Blades
    31 | D        | Reached skill level 15 in Long Blades
    31 | D        | Reached skill level 15 in Axes
    31 | D        | Reached skill level 15 in Maces & Flails
    31 | D        | Reached skill level 15 in Polearms
    31 | D        | Reached skill level 15 in Staves
    31 | D        | Reached skill level 15 in Slings
    31 | D        | Reached skill level 15 in Bows
    31 | D        | Reached skill level 15 in Crossbows
    31 | D        | Reached skill level 15 in Throwing
    31 | D        | Reached skill level 15 in Dodging
    31 | D        | Reached skill level 15 in Unarmed Combat
    31 | D        | Reached skill level 15 in Conjurations
    31 | D        | Reached skill level 15 in Hexes
    31 | D        | Reached skill level 15 in Summonings
    31 | D        | Reached skill level 15 in Necromancy
    31 | D        | Reached skill level 15 in Translocations
    31 | D        | Reached skill level 15 in Transmutations
    31 | D        | Reached skill level 15 in Fire Magic
    31 | D        | Reached skill level 15 in Ice Magic
    31 | D        | Reached skill level 15 in Air Magic
    31 | D        | Reached skill level 15 in Earth Magic
    31 | D        | Reached skill level 17 in Poison Magic
    31 | D        | Reached XP level 21. HP: 147/151 MP: 6/39
    31 | D        | Noticed a meat berserker
    32 | D        | Noticed a meat berserker
    32 | D        | Noticed a destroyer
    32 | D        | Noticed a destroyer
    32 | D        | Noticed a meat berserker
    33 | D        | Noticed a large bag of meat
    33 | D        | Noticed a meat berserker
    33 | D        | Noticed a meat berserker
    34 | D        | Reached skill level 15 in Shields
    34 | D        | Noticed a meat berserker
    34 | D        | Noticed a destroyer
    34 | D        | Killed a meat berserker
    34 | D        | Killed a meat berserker
    34 | D        | Noticed a destroyer
    35 | D        | Reached skill level 15 in Spellcasting
    35 | D        | Reached skill level 18 in Poison Magic
    35 | D        | Killed a meat berserker
    35 | D        | Noticed a large bag of meat
    36 | D        | Reached skill level 19 in Poison Magic
    36 | D        | Reached XP level 22. HP: 162/162 MP: 7/41
    36 | D        | Killed a destroyer
    36 | D        | Reached ****** piety under Makhleb
    37 | D        | Reached skill level 20 in Poison Magic
    37 | D        | Reached XP level 23. HP: 169/169 MP: 8/43
    37 | D        | Noticed a large bag of meat
    38 | D        | Noticed a destroyer
    39 | D        | Reached skill level 21 in Poison Magic
    39 | D        | Reached XP level 24. HP: 179/179 MP: 8/44
    39 | D        | Killed a destroyer
    39 | D        | Noticed a large bag of meat
    40 | D        | Noticed a large bag of meat
    40 | D        | Noticed a destroyer
    40 | D        | HP: 8/180 [destroyer/+9 vorpal great sword (172)]
    40 | D        | Annihilated by a destroyer

Illustrated notes

Levels and vault maps discovered:
D:        meatsprint

Skill      XL: |  1  2  3  4  5  6  7  8  9 10 11 12 13 14 15 16 17 18 19 20 21 22 23 24 |
---------------+-------------------------------------------------------------------------+-----
Fighting       | 7 8 10 11 13 14 15 16 17 18 19 | 19.1
Short Blades   | 7 8 9 11 13 14 15 16 17 18 19 | 19.0
Long Blades    | 7 8 10 11 13 14 15 16 17 18 19 | 19.1
Axes           | 7 8 10 11 13 14 15 16 17 18 19 | 19.0
Maces & Flails | 7 8 10 11 13 14 15 16 17 18 19 | 19.0
Polearms       | 7 8 9 11 13 14 15 16 17 18 19 | 19.2
Staves         | 7 8 10 11 13 14 15 16 17 18 19 | 19.0
Slings         | 7 8 10 11 13 14 15 16 17 18 19 | 19.3
Bows           | 7 8 10 11 13 14 15 16 17 18 19 | 19.1
Crossbows      | 7 8 9 11 13 14 15 16 17 18 19 | 19.0
Throwing       | 8 9 10 11 13 14 15 16 17 18 19 | 19.1
Dodging        | 8 9 10 11 12 13 14 15 16 17 18 19 | 19.2
Shields        | 7 8 9 11 13 14 16 17 18 | 18.9
Unarmed Combat | 8 9 10 11 12 13 14 15 16 17 18 19 | 19.3
Spellcasting   | 6 7 9 10 12 13 14 15 16 17 | 17.9
Conjurations   | 7 8 9 10 11 13 14 15 16 17 18 19 | 19.0
Hexes          | 8 9 10 11 12 13 14 15 16 17 18 19 | 19.2
Summonings     | 7 8 9 11 13 14 15 16 17 18 19 | 19.1
Necromancy     | 7 8 10 11 13 14 15 16 17 18 19 | 19.1
Translocations | 8 9 10 11 12 13 14 15 16 17 18 19 | 19.4
Transmutations | 7 8 10 11 13 14 15 16 17 18 19 | 19.1
Fire Magic     | 7 8 9 11 13 14 15 16 17 18 19 | 19.1
Ice Magic      | 7 8 10 11 13 14 15 16 17 18 19 | 19.0
Air Magic      | 8 9 10 11 12 13 14 15 16 17 18 19 | 19.4
Earth Magic    | 7 8 10 11 13 14 15 16 17 18 19 | 19.3
Poison Magic   | 8 10 11 12 13 15 16 17 19 20 21 | 21.9
Invocations    | 8 9 11 12 13 14 15 16 18 20 | 20.7

Action                   |  1- 3 |  4- 6 |  7- 9 | 10-12 | 13-15 | 16-18 | 19-21 | 22-24 || total
-------------------------+-------+-------+-------+-------+-------+-------+-------+-------++-------
Melee: Executioner's axe |     1 |       |       |       |     4 |     5 |     5 |     4 ||    19

Table legend: (Time is in decaauts)
 A = Elapsed time spent in this place.
 B = Non-inter-level travel time spent in this place.
 C = Inter-level travel time spent in this place.
 D = Time resting spent in this place.
 E = Time spent auto-exploring this place.
 F = Levels seen in this place.
 G = Mean time per level.
                   A        B        C        D        E       F      G
               +--------+--------+--------+--------+--------+-----+--------+
         Total |     43 |     43 |      0 |      0 |      0 |   1 |   43.0 |
       Dungeon |     43 |     43 |      0 |      0 |      0 |   1 |   43.0 |
               +--------+--------+--------+--------+--------+-----+--------+

Top non-repeatable levels by time:
       D: 43 daAuts
